[ PARTIDA AOE2 · #481687348 ]
UnrankedTupíes vs Magyars
Equipo del jugador · DERR
Equipo rival · VICT
[ ANÁLISIS DE REPETICIÓN · EXTRAÍDO DE LA PARTIDA GRABADA ]
Feudal
9:57
Castillos
26:50
Imperial
47:48
| APM promedio | 23.4 |
| APM pico | 68 |
| eAPM promedio | 16.9 |
| Aldeanos / militares | 182 / 60 |
Foco
⚔️ 33.4% · 🌾 66.6%
Unknown (2550) ×64 · Spearman ×56 · Unknown (2579) ×27 · Unknown (2582) ×5 · Trebuchet (Packed) ×4
Feudal
11:27
Castillos
25:56
Imperial
47:01
| APM promedio | 31.8 |
| APM pico | 77 |
| eAPM promedio | 16.1 |
| Aldeanos / militares | 161 / 148 |
Foco
⚔️ 29.4% · 🌾 70.6%
Scout Cavalry ×57 · Magyar Huszar ×54 · Cavalry Archer ×34 · Skirmisher ×2 · Monk ×1
Mapa de la partida
Recursos al inicio + cada clic de construcción. Línea gruesa = muro · recuadro discontinuo = muro de casas detectado. 🟡 oro · ⚪ piedra · 🟢 bayas · 🔶 jabalí · ⭕ reliquia
Inputs por minuto
— Snowey - - RoonTheEternal
Build order — Snowey
Primeras 150 de 488 acciones detectadas
| 0:04 | Construir | House |
| 0:05 | Construir | House |
| 0:09 | Crear | Villager (Male) |
| 0:09 | Crear | Villager (Male) |
| 0:10 | Crear | Villager (Male) |
| 0:53 | Crear | Villager (Male) |
| 1:21 | Crear | Villager (Male) |
| 1:45 | Crear | Villager (Male) |
| 1:56 | Construir | Settlement |
| 2:04 | Crear | Villager (Male) |
| 2:35 | Crear | Villager (Male) |
| 3:11 | Crear | Villager (Male) |
| 3:26 | Crear | Villager (Male) |
| 4:00 | Construir | House |
| 4:01 | Construir | House |
| 4:05 | Crear | Villager (Male) |
| 4:17 | Crear | Villager (Male) |
| 4:41 | Crear | Villager (Male) |
| 5:06 | Crear | Villager (Male) |
| 5:44 | Crear | Villager (Male) |
| 6:02 | Crear | Villager (Male) |
| 6:13 | Construir | Barracks |
| 6:49 | Construir | Palisade Wall |
| 6:53 | Crear | Villager (Male) |
| 6:59 | Investigar | Loom |
| 7:40 | Construir | Settlement |
| 7:44 | Crear | Villager (Male) |
| 7:47 | Investigar | Feudal Age |
| 7:53 | Crear | Unit 2550 |
| 8:39 | Construir | Palisade Wall |
| 8:44 | Construir | Palisade Wall |
| 8:47 | Construir | Palisade Wall |
| 9:02 | Crear | Villager (Male) |
| 9:06 | Crear | Unit 2550 |
| 9:17 | Crear | Villager (Male) |
| 9:26 | Crear | Unit 2550 |
| 9:57 | Edad | Edad Feudal |
| 10:03 | Crear | Villager (Male) |
| 10:22 | Construir | Watch Tower |
| 10:31 | Crear | Villager (Male) |
| 10:41 | Investigar | Tech 1402 |
| 10:41 | Crear | Spearman |
| 10:42 | Crear | Spearman |
| 11:07 | Construir | Palisade Wall |
| 11:08 | Construir | Palisade Wall |
| 11:09 | Construir | Palisade Wall |
| 11:10 | Construir | Palisade Wall |
| 11:10 | Construir | Palisade Wall |
| 11:16 | Crear | Villager (Male) |
| 11:27 | Crear | Villager (Male) |
| 11:32 | Construir | Settlement |
| 11:50 | Investigar | Double-Bit Axe |
| 12:38 | Construir | Blacksmith |
| 13:04 | Crear | Spearman |
| 13:04 | Crear | Spearman |
| 13:07 | Crear | Villager (Male) |
| 13:07 | Crear | Villager (Male) |
| 13:08 | Crear | Villager (Male) |
| 13:42 | Crear | Unit 2550 |
| 13:42 | Crear | Unit 2550 |
| 13:49 | Crear | Villager (Male) |
| 13:49 | Crear | Villager (Male) |
| 14:12 | Crear | Unit 2550 |
| 14:20 | Crear | Villager (Male) |
| 15:31 | Crear | Villager (Male) |
| 15:34 | Investigar | Scale Mail Armor |
| 15:37 | Crear | Unit 2550 |
| 15:37 | Crear | Unit 2550 |
| 16:02 | Crear | Villager (Male) |
| 16:02 | Crear | Villager (Male) |
| 16:11 | Construir | Farm |
| 16:11 | Construir | Farm |
| 16:12 | Construir | Farm |
| 16:13 | Construir | Farm |
| 16:22 | Construir | Settlement |
| 17:15 | Crear | Villager (Male) |
| 17:24 | Construir | Barracks |
| 17:51 | Crear | Spearman |
| 17:51 | Crear | Spearman |
| 17:57 | Crear | Villager (Male) |
| 17:57 | Crear | Villager (Male) |
| 17:58 | Crear | Villager (Male) |
| 18:07 | Construir | Watch Tower |
| 18:18 | Crear | Spearman |
| 18:18 | Crear | Spearman |
| 18:40 | Crear | Spearman |
| 18:51 | Crear | Villager (Male) |
| 18:51 | Crear | Villager (Male) |
| 19:01 | Construir | Farm |
| 19:01 | Construir | Farm |
| 19:04 | Investigar | Horse Collar |
| 19:05 | Crear | Villager (Male) |
| 19:11 | Construir | Watch Tower |
| 19:21 | Construir | Palisade Wall |
| 19:21 | Construir | Palisade Wall |
| 19:22 | Construir | Palisade Wall |
| 19:23 | Construir | Palisade Wall |
| 19:24 | Construir | Palisade Wall |
| 19:25 | Construir | Palisade Wall |
| 19:25 | Construir | Palisade Wall |
| 19:40 | Construir | Palisade Wall |
| 20:09 | Crear | Villager (Male) |
| 20:12 | Crear | Spearman |
| 20:12 | Crear | Spearman |
| 20:24 | Crear | Villager (Male) |
| 20:30 | Construir | Farm |
| 20:30 | Construir | Farm |
| 20:39 | Construir | Farm |
| 20:39 | Construir | Farm |
| 20:51 | Construir | Farm |
| 20:52 | Construir | Farm |
| 20:53 | Construir | Farm |
| 20:53 | Construir | Farm |
| 20:54 | Construir | Farm |
| 20:58 | Crear | Spearman |
| 20:58 | Crear | Spearman |
| 21:13 | Crear | Spearman |
| 21:13 | Crear | Spearman |
| 21:31 | Crear | Spearman |
| 21:31 | Crear | Spearman |
| 22:18 | Crear | Villager (Male) |
| 22:18 | Crear | Villager (Male) |
| 22:41 | Crear | Villager (Male) |
| 22:42 | Crear | Villager (Male) |
| 22:48 | Crear | Villager (Male) |
| 23:06 | Crear | Villager (Male) |
| 23:15 | Construir | Market |
| 23:44 | Construir | Palisade Wall |
| 23:59 | Construir | Farm |
| 23:59 | Construir | Farm |
| 23:59 | Construir | Farm |
| 24:10 | Investigar | Castle Age |
| 24:11 | Crear | Villager (Male) |
| 24:18 | Crear | Unit 2550 |
| 24:19 | Crear | Unit 2550 |
| 24:19 | Crear | Unit 2550 |
| 24:27 | Crear | Villager (Male) |
| 24:28 | Crear | Villager (Male) |
| 24:53 | Investigar | Fletching |
| 25:03 | Construir | Barracks |
| 25:04 | Construir | Barracks |
| 25:16 | Construir | Watch Tower |
| 25:56 | Construir | Stone Wall |
| 26:02 | Crear | Villager (Male) |
| 26:06 | Crear | Unit 2550 |
| 26:07 | Crear | Unit 2550 |
| 26:07 | Crear | Unit 2550 |
| 26:07 | Crear | Unit 2550 |
| 26:07 | Crear | Unit 2550 |
| 26:23 | Construir | Palisade Wall |
Build order — RoonTheEternal
Primeras 150 de 325 acciones detectadas
| 0:01 | Crear | Villager (Male) ×4 |
| 0:05 | Construir | House |
| 0:07 | Construir | House |
| 1:41 | Crear | Villager (Male) |
| 2:04 | Crear | Villager (Male) |
| 2:47 | Crear | Villager (Male) |
| 2:47 | Crear | Villager (Male) |
| 3:02 | Construir | Lumber Camp |
| 3:32 | Crear | Villager (Male) |
| 3:52 | Crear | Villager (Male) |
| 4:02 | Construir | House |
| 4:13 | Crear | Villager (Male) |
| 4:23 | Crear | Villager (Male) |
| 5:05 | Crear | Villager (Male) |
| 5:14 | Construir | Mill |
| 5:30 | Crear | Villager (Male) |
| 5:48 | Construir | House |
| 5:52 | Construir | Palisade Wall |
| 6:09 | Crear | Villager (Male) |
| 6:10 | Crear | Villager (Male) |
| 6:36 | Crear | Villager (Male) |
| 6:48 | Construir | House |
| 6:53 | Construir | Palisade Wall |
| 7:12 | Crear | Villager (Male) |
| 8:02 | Crear | Villager (Male) |
| 8:03 | Crear | Villager (Male) |
| 8:29 | Construir | Mining Camp |
| 8:33 | Crear | Villager (Male) |
| 9:06 | Investigar | Feudal Age |
| 9:25 | Construir | Palisade Wall |
| 9:55 | Construir | Barracks |
| 10:31 | Construir | Palisade Wall |
| 10:33 | Construir | Palisade Wall |
| 11:09 | Construir | House |
| 11:13 | Construir | Building 796 |
| 11:27 | Edad | Edad Feudal |
| 11:35 | Construir | Stable |
| 11:44 | Crear | Villager (Male) |
| 11:45 | Crear | Villager (Male) |
| 12:06 | Construir | Lumber Camp |
| 12:16 | Crear | Scout Cavalry |
| 12:17 | Crear | Scout Cavalry |
| 12:20 | Crear | Villager (Male) |
| 12:41 | Investigar | Loom |
| 12:55 | Construir | Lumber Camp |
| 13:02 | Crear | Scout Cavalry |
| 13:03 | Crear | Villager (Male) |
| 13:04 | Crear | Villager (Male) |
| 13:05 | Crear | Villager (Male) |
| 13:36 | Crear | Scout Cavalry |
| 13:41 | Construir | Lumber Camp |
| 13:53 | Crear | Villager (Male) |
| 13:57 | Crear | Scout Cavalry |
| 14:18 | Construir | Mill |
| 14:33 | Crear | Scout Cavalry |
| 14:42 | Crear | Villager (Male) |
| 15:38 | Crear | Scout Cavalry |
| 15:40 | Crear | Villager (Male) |
| 15:46 | Construir | House |
| 15:47 | Construir | House |
| 15:49 | Construir | House |
| 15:54 | Construir | House |
| 15:56 | Construir | Blacksmith |
| 15:59 | Construir | Market |
| 16:07 | Construir | Palisade Gate |
| 16:31 | Crear | Villager (Male) |
| 16:58 | Investigar | Scale Barding Armor |
| 17:10 | Crear | Scout Cavalry |
| 17:15 | Crear | Villager (Male) |
| 17:20 | Investigar | Double-Bit Axe |
| 17:23 | Construir | House |
| 17:35 | Crear | Villager (Male) |
| 17:38 | Crear | Scout Cavalry |
| 17:50 | Construir | Farm |
| 18:02 | Construir | House |
| 18:25 | Crear | Scout Cavalry |
| 18:47 | Crear | Villager (Male) |
| 18:47 | Crear | Villager (Male) |
| 18:52 | Construir | Farm |
| 18:52 | Construir | Farm |
| 18:53 | Construir | Farm |
| 18:53 | Construir | Farm |
| 18:53 | Construir | Farm |
| 18:57 | Construir | Watch Tower |
| 19:10 | Crear | Villager (Male) |
| 19:20 | Crear | Scout Cavalry |
| 19:58 | Crear | Scout Cavalry |
| 19:59 | Crear | Villager (Male) |
| 20:05 | Investigar | Bloodlines |
| 20:20 | Construir | Farm |
| 20:23 | Construir | Farm |
| 20:26 | Construir | Farm |
| 20:37 | Crear | Scout Cavalry |
| 20:38 | Crear | Villager (Male) |
| 21:22 | Crear | Villager (Male) |
| 21:24 | Crear | Scout Cavalry |
| 21:27 | Construir | Farm |
| 21:27 | Construir | Farm |
| 22:21 | Crear | Scout Cavalry |
| 22:22 | Crear | Villager (Male) |
| 23:16 | Investigar | Castle Age |
| 23:19 | Investigar | Horse Collar |
| 23:34 | Construir | House |
| 23:49 | Construir | Archery Range |
| 23:53 | Crear | Scout Cavalry |
| 24:18 | Crear | Scout Cavalry |
| 24:33 | Investigar | Fletching |
| 24:41 | Construir | Palisade Wall |
| 25:15 | Construir | House |
| 25:18 | Construir | House |
| 25:23 | Crear | Scout Cavalry |
| 25:40 | Construir | Archery Range |
| 25:44 | Investigar | Padded Archer Armor |
| 25:56 | Edad | Edad de los Castillos |
| 26:00 | Crear | Cavalry Archer |
| 26:01 | Crear | Cavalry Archer |
| 26:20 | Construir | Town Center |
| 26:32 | Crear | Cavalry Archer |
| 26:47 | Crear | Cavalry Archer |
| 26:52 | Investigar | Gold Mining |
| 27:09 | Investigar | Wheelbarrow |
| 27:16 | Construir | Farm |
| 27:16 | Construir | Farm |
| 27:17 | Construir | Farm |
| 27:17 | Construir | Farm |
| 27:17 | Construir | Farm |
| 27:18 | Construir | Farm |
| 27:20 | Crear | Villager (Male) |
| 27:24 | Crear | Cavalry Archer |
| 27:25 | Crear | Cavalry Archer |
| 27:52 | Crear | Villager (Male) ×2 |
| 27:54 | Crear | Cavalry Archer |
| 28:35 | Crear | Villager (Male) ×3 |
| 28:37 | Crear | Cavalry Archer |
| 28:37 | Crear | Cavalry Archer |
| 28:54 | Crear | Cavalry Archer |
| 28:58 | Crear | Villager (Male) ×3 |
| 29:28 | Crear | Cavalry Archer |
| 29:29 | Investigar | Bodkin Arrow |
| 29:57 | Crear | Cavalry Archer |
| 29:59 | Crear | Villager (Male) ×3 |
| 30:35 | Crear | Cavalry Archer |
| 30:39 | Crear | Villager (Male) ×5 |
| 31:24 | Crear | Cavalry Archer |
| 31:25 | Crear | Cavalry Archer |
| 31:42 | Crear | Cavalry Archer |
| 31:43 | Crear | Cavalry Archer |
| 32:15 | Investigar | Thumb Ring |
| 32:16 | Crear | Cavalry Archer |
| 32:16 | Crear | Cavalry Archer |
Cronología de la partida
| 5:52 | RoonTheEternal · wall_segment Palisade Wall x1 |
| 6:13 | Snowey · first_building Barracks |
| 6:49 | Snowey · wall_segment Palisade Wall x8 |
| 6:53 | RoonTheEternal · wall_segment Palisade Wall x2 |
| 8:39 | Snowey · wall_segment Palisade Wall x3 |
| 8:44 | Snowey · wall_segment Palisade Wall x4 |
| 8:47 | Snowey · wall_segment Palisade Wall x4 |
| 9:25 | RoonTheEternal · wall_segment Palisade Wall x1 |
| 9:55 | RoonTheEternal · first_building Barracks |
| 9:57 | Snowey · age_up feudal |
| 10:31 | RoonTheEternal · wall_segment Palisade Wall x2 |
| 10:33 | RoonTheEternal · wall_segment Palisade Wall x1 |
| 11:07 | Snowey · wall_segment Palisade Wall x3 |
| 11:08 | Snowey · wall_segment Palisade Wall x2 |
| 11:09 | Snowey · wall_segment Palisade Wall x1 |
| 11:10 | Snowey · wall_segment Palisade Wall x1 |
| 11:10 | Snowey · wall_segment Palisade Wall x1 |
| 11:27 | RoonTheEternal · age_up feudal |
| 11:35 | RoonTheEternal · first_building Stable |
| 16:55 | RoonTheEternal · first_market_buy 100 food |
| 19:21 | Snowey · wall_segment Palisade Wall x2 |
| 19:21 | Snowey · wall_segment Palisade Wall x1 |
| 19:22 | Snowey · wall_segment Palisade Wall x1 |
| 19:23 | Snowey · wall_segment Palisade Wall x1 |
| 19:24 | Snowey · wall_segment Palisade Wall x1 |
| 19:25 | Snowey · wall_segment Palisade Wall x1 |
| 19:25 | Snowey · wall_segment Palisade Wall x1 |
| 19:40 | Snowey · wall_segment Palisade Wall x9 |
| 22:24 | RoonTheEternal · first_market_sell 500 wood |
| 23:44 | Snowey · wall_segment Palisade Wall x1 |
| 23:49 | RoonTheEternal · first_building Archery Range |
| 24:05 | Snowey · first_market_buy 100 food |
| 24:41 | RoonTheEternal · wall_segment Palisade Wall x1 |
| 25:56 | Snowey · wall_segment Stone Wall x1 |
| 25:56 | RoonTheEternal · age_up castle |
| 26:23 | Snowey · wall_segment Palisade Wall x8 |
| 26:27 | Snowey · wall_segment Palisade Wall x19 |
| 26:30 | Snowey · wall_segment Palisade Wall x1 |
| 26:33 | Snowey · wall_segment Palisade Wall x9 |
| 26:50 | Snowey · age_up castle |
| 27:03 | Snowey · first_market_sell 100 wood |
| 32:41 | Snowey · first_building Castle |
| 34:15 | RoonTheEternal · first_building Castle |
| 47:01 | RoonTheEternal · age_up imperial |
| 47:31 | Snowey · wall_segment Stone Wall x14 |
| 47:34 | Snowey · wall_segment Stone Wall x17 |
| 47:48 | Snowey · age_up imperial |
| 50:52 | RoonTheEternal · first_building Monastery |
| 56:37 | Snowey · resign |
[ ANÁLISIS IA · 1 CRÉDITO ]
¿Qué pasó realmente en esta partida?
Wolo.gg analiza cada decisión: build order, eco, micro, errores típicos por bracket. Análisis personalizado por WhatsApp o Discord en 30 segundos.
Guía civ
Tupíes
Guía mapa
SLL Mudflow (Custom)
Perfil
Snowey